 Dungeon Crawl Stone Soup version 0.19.3-1-g3169bf9 (webtiles) character file.

2420 Megalobster the Cleaver (level 9, -2/82 HPs)
             Began as a Minotaur Berserker on Jan 26, 2017.
             Was an Elder of Trog.
             Killed from afar by an electric eel (13 damage)
             ... with a bolt of electricity
             ... on level 9 of the Dungeon.
             The game lasted 00:36:16 (6655 turns).

Megalobster the Cleaver (Minotaur Berserker)        Turns: 6655, Time: 00:36:17

Health: -2/82      AC:  6    Str: 32    XL:     9   Next: 24%
Magic:  8/8        EV: 16    Int:  8    God:    Trog [****..]
Gold:   480        SH:  0    Dex:  9    Spells: 0 memorised, 8 levels left

rFire  . . .     SeeInvis .     u - +2 war axe
rCold  . . .     Gourm    .     R - +1 robe of Youthful Indiscretion {Str+6 Int+2}
rNeg   . . .     Faith    .     (no shield)
rPois  .         Spirit   .     (helmet restricted)
rElec  .         Reflect  .     v - +0 cloak
rCorr  .         Harm     .     E - +0 pair of gloves
MR     .....                    (no boots)
Stlth  +.........               (no amulet)
                                a - +4 ring of evasion
                                O - +2 ring of intelligence

@: no status effects
A: retaliatory headbutt, horns 2
a: Berserk, Trog's Hand, Brothers in Arms, Burn Spellbooks, Renounce Religion


You were on level 9 of the Dungeon.
You worshipped Trog.
Trog was greatly pleased with you.
You were not hungry.

You visited 1 branch of the dungeon, and saw 9 of its levels.

You collected 480 gold pieces.

Inventory:

Hand Weapons
 g - a +0 battleaxe
 q - a +0 hunting sling
 u - a +2 war axe (weapon)
 L - a +0 shortbow
 T - a +4 morningstar of crushing
Missiles
 d - 20 sling bullets
 j - 4 tomahawks (quivered)
 l - 300 stones
 M - 99 arrows
Armour
 n - a +0 chain mail
 o - a +1 robe of positive energy
 v - a +0 cloak (worn)
 E - a +0 pair of gloves (worn)
 R - the +1 robe of Youthful Indiscretion (worn) {Str+6 Int+2}
   (You found it on level 6 of the Dungeon)

   It affects your strength (+6).
   It affects your intelligence (+2).
 S - a +2 leather armour of fire resistance
 W - a +2 chain mail of fire resistance
Jewellery
 a - a +4 ring of evasion (right hand)
 O - a +2 ring of intelligence (left hand)
Wands
 t - a wand of random effects (10/48)
 y - a wand of digging (14/24)
 G - a wand of flame (26/48)
 V - a wand of iceblast (7/15)
 X - a wand of enslavement (7/24)
 Y - a wand of paralysis (13/24)
Scrolls
 b - a scroll of vulnerability {unknown}
 f - 3 scrolls of magic mapping
 h - 4 scrolls of remove curse
 i - 6 scrolls of teleportation
 r - 2 scrolls of enchant armour
 s - 2 scrolls of blinking
 w - a scroll of recharging {unknown}
 x - 2 scrolls of fog
 z - a scroll of fear
 C - a scroll of immolation {unknown}
 D - 2 scrolls of enchant weapon
 I - a scroll of silence {unknown}
 N - 4 scrolls of identify
Potions
 e - a potion of cure mutation {unknown}
 k - 2 potions of might
 A - 2 potions of resistance
 B - 5 potions of curing {unknown}
 H - a potion of magic {unknown}
 Q - 2 potions of lignification {unknown}
 Z - a potion of mutation {unknown}
Comestibles
 c - 3 bread rations
 p - 6 meat rations
 K - a slice of pizza
 P - 2 beef jerkies


   Skills:
 + Level 8.7 Fighting
 * Level 11.4 Axes
 + Level 6.4 Armour
 - Level 2.1 Dodging


You had 8 spell levels left.
You didn't know any spells.

Dungeon Overview and Level Annotations

Branches:
Dungeon (9/15)             Temple (0/1) D:6
   Lair: D:8-11         Orc: D:9-12

Altars:
Sif Muna
Uskayaw
Vehumet

Shops:
D:5 (


Innate Abilities, Weirdness & Mutations

You reflexively headbutt those who attack you in melee.
You have a pair of horns on your head.


Message History

The electric eel is severely wounded.
You slash the plant! x2; You hit the plant.
The electric eel shoots out a bolt of lightning at you!
The bolt of electricity hits you!
* * * LOW HITPOINT WARNING * * *
The bolt of electricity hits the plant.
The plant is destroyed!
You barely miss the electric eel. Your headbutt misses the electric eel.
The electric eel is severely wounded.
You hit the plant. You slash the plant! You hit the plant but do no damage.
Your unstable footing causes you to fumble your attack.
Your unstable footing causes you to fumble your attack.
The electric eel shoots out a bolt of lightning at you!
The bolt of electricity hits you!
* * * LOW HITPOINT WARNING * * *
Your unstable footing causes you to fumble your attack.
Your unstable footing causes you to fumble your attack.
The electric eel shoots out a bolt of lightning at you!
The bolt of electricity hits you!
You die...

##### ####.....
##.PPP## ##≈.P.####
#.P≈≈ .## #PP≈≈.#
#.PPP≈≈P# #P≈≈P##
#.PPP≈P.# #≈≈♣P#
#.#PP♣≈≈## ##P≈≈P#
#.#P≈≈≈PP###≈P♣≈≈#
#.##≈P;≈.#P.P≈♣≈P#
#.##P@♣≈PPPPP♣♣≈.#
#.##..P♣PPPP≈≈≈≈≈#
#.##.≈.≈♣♣P♣♣≈≈.######
#.....P≈≈≈♣≈≈≈........
#####.≈P≈≈♣♣♣≈≈#.#####
#.#P≈≈≈≈≈≈P#.#####
#.#.P≈≈≈P.P.....##
#.#P≈P≈P≈P#####.#.
#.##P≈.≈P.# #...


You could see an electric eel.

Vanquished Creatures
  2 ice beasts (D:9)
  An orc warrior (D:7)
  2 phantoms
  2 sky beasts (D:5)
  A centaur (D:5)
  3 bullfrogs
  4 scorpions
  5 wights (D:8)
  A howler monkey (D:5)
  6 crimson imps
  A quasit (D:9)
  A bullfrog zombie (D:5)
  A centaur zombie (D:6)
  4 hounds
  A bullfrog skeleton (D:4)
  2 iguanas
  7 worker ants
  4 orc wizards
  A hound zombie (D:5)
  A howler monkey zombie (D:5)
  3 gnolls (D:7)
  9 adders
  2 shadow imps
  2 worms
  4 dart slugs
  6 leopard geckos
  11 orcs
  2 ball pythons
  9 bats
  5 giant cockroaches
  7 hobgoblins
  7 jackals
  7 kobolds
  3 quokkas
  10 frilled lizards
  7 goblins
  A jackal skeleton (D:7)
  A leopard gecko skeleton (D:8)
  7 rats
  7 plants (D:9)
160 creatures vanquished.

Vanquished Creatures (others)
  2 plants (D:9)
2 creatures vanquished.

Grand Total: 162 creatures vanquished

Notes
Turn   | Place    | Note
-------+----------+-------------------------------------------
     0 | D:1      | Megalobster the Minotaur Berserker began the quest for the Orb.
     0 | D:1      | Reached XP level 1. HP: 19/19 MP: 0/0
   230 | D:1      | Reached skill level 4 in Axes
   290 | D:1      | Reached XP level 2. HP: 24/27 MP: 1/1
   764 | D:2      | Reached XP level 3. HP: 33/33 MP: 2/2
   882 | D:2      | Reached ** piety under Trog
  1186 | D:2      | Reached skill level 5 in Axes
  1395 | D:2      | Reached XP level 4. HP: 40/41 MP: 3/3
  2402 | D:4      | Reached skill level 5 in Fighting
  2488 | D:4      | Reached skill level 6 in Axes
  2488 | D:4      | Reached XP level 5. HP: 45/48 MP: 4/4
  2700 | D:4      | Reached XP level 6. HP: 57/57 MP: 5/5
  3053 | D:5      | Entered Level 5 of the Dungeon
  3061 | D:5      | Reached skill level 7 in Axes
  3200 | D:5      | Reached *** piety under Trog
  3200 | D:5      | Reached XP level 7. HP: 26/63 MP: 6/6
  3223 | D:5      | Reached skill level 8 in Axes
  3733 | D:5      | Found a deep blue altar of Sif Muna.
  3735 | D:5      | Found a hide-covered altar of Uskayaw.
  3852 | D:5      | Found Zuuc's Weapon Emporium.
  3992 | D:6      | Reached skill level 9 in Axes
  4073 | D:6      | Reached XP level 8. HP: 56/73 MP: 7/7
  4221 | D:6      | Got a creamy pearl robe
  4278 | D:6      | Identified the +1 robe of Youthful Indiscretion {Str+6 Int+2} (You found it on level 6 of the Dungeon)
  4295 | D:6      | Found a staircase to the Ecumenical Temple.
  4588 | D:6      | Reached skill level 10 in Axes
  4588 | D:6      | Reached skill level 5 in Armour
  5218 | D:7      | Reached **** piety under Trog
  5702 | D:8      | Found a radiant altar of Vehumet.
  5733 | D:8      | Reached skill level 11 in Axes
  5733 | D:8      | Reached XP level 9. HP: 82/82 MP: 8/8
  6655 | D:9      | Killed from afar by an electric eel

Skill      XL: |  1  2  3  4  5  6  7  8  9 |
---------------+----------------------------+-----
Axes           | 4 5 6 7 9 11 | 11.4
Fighting       | 4 5 6 7 8 |  8.7
Armour         | 4 5 6 |  6.4
Dodging        | |  2.1

Action                   |  1- 3 |  4- 6 |  7- 9 || total
-------------------------+-------+-------+-------++-------
Melee: Hand axe          |   105 |    68 |       ||   173
       Headbutt          |    16 |    14 |    48 ||    78
       War axe           |       |    37 |   244 ||   281
Invok: Berserk           |       |     1 |     1 ||     2
       Burn Spellbooks   |       |       |     1 ||     1
  Use: Scroll            |       |     7 |     8 ||    15
  Eat: Chunk             |     2 |     2 |     7 ||    11
       Fruit             |       |     3 |     1 ||     4
       Beef jerky        |       |     1 |       ||     1
       Bread ration      |       |       |     1 ||     1
Armor: Animal skin       |    10 |       |       ||    10
       Chain mail        |    42 |    57 |    26 ||   125
       Scale mail        |       |     6 |    29 ||    35
       Robe              |       |       |    15 ||    15
Dodge: Dodged            |    59 |    44 |   110 ||   213
